 Dungeon Crawl Stone Soup version 0.26-a0-259-g1effd001a9 (webtiles) character file.

Game seed: 17696777364146331229

63 wvc the Slasher (level 4, -6/39 HPs)
             Began as a Naga Gladiator on July 15, 2020.
             Killed by divine providence
             ... invoked by an orc priest
              (13 damage)
             ... on level 3 of the Dungeon.
             The game lasted 00:04:25 (2451 turns).

wvc the Slasher (Naga Gladiator)                    Turns: 2451, Time: 00:04:25

Health: -6/39      AC:  3    Str: 16    XL:     4   Next: 10%
Magic:  4/4        EV: 10    Int:  8    God:
Gold:   84         SH:  0    Dex: 14    Spells: 3/3 levels left

rFire    . . .     SeeInvis +   a - +0 long sword
rCold    . . .     Faith    .   (no shield)
rNeg     . . .     Spirit   .   b - +0 leather armour
rPois    +         Reflect  .   c - +0 helmet
rElec    .         Harm     .   (no cloak)
rCorr    .                      (no gloves)
MR       .....                  (no barding)
Stlth    +.........             (no amulet)
HPRegen  0.13/turn              (no ring)
MPRegen  0.09/turn              (no ring)

@: very slow
A: large, see invisible, deformed body, poison resistance, slowness 2, slow
metabolism 1, spit poison 1, AC +1
a: Spit Poison


You were on level 3 of the Dungeon.
You were not hungry.

You visited 1 branch of the dungeon, and saw 3 of its levels.

You collected 84 gold pieces.

Inventory:

Hand Weapons
 a - a +0 long sword (weapon)
Missiles
 d - 3 throwing nets (quivered)
Armour
 b - a +0 leather armour (worn)
 c - a +0 helmet (worn)
Jewellery
 l - an uncursed amulet of the acrobat
Scrolls
 e - 2 scrolls of enchant weapon {unknown}
 g - 5 scrolls of teleportation {unknown}
 h - 2 scrolls of remove curse {unknown}
 j - a scroll of identify {unknown}
 k - a scroll of random uselessness {unknown}
 n - a scroll of fear {unknown}
Potions
 i - a potion of stabbing {unknown}
 m - 2 potions of curing {unknown}
 o - a potion of haste {unknown}
 p - a potion of resistance {unknown}
 q - a potion of degeneration {unknown}
Comestibles
 f - 3 rations


   Skills:
 - Level 2.0 Fighting
 + Level 4.8 Long Blades
 - Level 1.7 Throwing
 - Level 2.4 Dodging


You had 3 spell levels left.
You didn't know any spells.
Your spell library was empty.

Dungeon Overview and Level Annotations

Branches:
Dungeon (3/15)

Altars:


Innate Abilities, Weirdness & Mutations

You cannot wear boots.
Your serpentine skin is tough. (AC +1)
You have supernaturally acute eyesight. (SInv)
Armour fits poorly on your strangely shaped body.
Your system is resistant to poisons. (rPois)
You cover ground very slowly.
You have a slow metabolism.
You can spit poison.


Message History

The orc is severely wounded.
The orc priest calls upon Beogh to heal the orc.
The orc is healed somewhat.
You hit the orc.
The orc is almost dead.
You hit the orc.
You kill the orc!
You have got your breath back.
The orc barely misses you.
The orc priest begins to cast a cantrip, but forgets the words!
You hit the orc.
The orc is lightly wounded.
The orc hits you with a cursed -2 whip.
* * * LOW HITPOINT WARNING * * *
The orc priest looks braver for a moment.
You slash the orc!
You kill the orc!
The orc priest calls down the wrath of Beogh upon you.
Beogh smites you!
You die...

#.#.....###.. ...
............... .....
....#.#.#.###.. .....[.
#.............. ...#...
#.<##.#........
.......####..##.#........
.........##..##.#.#..##.#
...#.#.#.##..##.#....####
.......#@##..##.#....####
.......g)##.........)...#
#.......o.........##.##.#
..##.....#####.#..##.##..
.....###.# #....##.####
.#### #.# ###.###.....
#.# #.# #.###. ..# ###
#.# #. ### #. #.


You could see an orc priest and a goblin.

Vanquished Creatures
  An adder (D:2)
  2 oozes (D:1)
  2 leopard geckos (D:1)
  2 orcs (D:3)
  4 giant cockroaches
  4 hobgoblins
  6 kobolds
  A quokka (D:2)
  4 bats
  A frilled lizard (D:3)
  8 goblins
  4 rats
39 creatures vanquished.

Notes
Turn   | Place    | Note
-------+----------+-------------------------------------------
     0 | D:1      | wvc the Naga Gladiator began the quest for the Orb.
     0 | D:1      | Reached XP level 1. HP: 19/19 MP: 1/1
   357 | D:1      | Reached XP level 2. HP: 8/26 MP: 2/2
   774 | D:1      | Reached skill level 4 in Long Blades
   920 | D:1      | Reached XP level 3. HP: 32/32 MP: 3/3
  2378 | D:3      | Reached XP level 4. HP: 38/39 MP: 4/4
  2451 | D:3      | Killed from afar by an orc priest

Illustrated notes

Levels and vault maps discovered:
D:1:      dpeg_arrival_subterranean_lakeside_camping, layout_basic
D:2:      layout_loops_corners
D:3:      layout_basic, first_ration, uniq_sigmund

Skill      XL: |  1  2 |
---------------+-------+-----
Long Blades    | 4 |  4.8
Fighting       | |  2.0
Throwing       | |  1.7
Dodging        | |  2.4

Action                   |  1- 3 |  4- 6 || total
-------------------------+-------+-------++-------
Melee: Long sword        |   100 |    16 ||   116
 Abil: Spit Poison       |     2 |     2 ||     4
 Stab: Sleeping          |     3 |       ||     3
  Eat: Ration            |     1 |       ||     1
Armor: Leather armour    |    29 |     2 ||    31
Dodge: Dodged            |    67 |    14 ||    81
       Rpst.: Long sword |    26 |     1 ||    27

Table legend:
 A = Non-vault XP
 B = Vault XP
 C = Vault XP percentage of total XP
 D = Non-vault monster count
 E = Vault monster count
 F = Vault count percentage of total count
                 A         B        C        D         E       F
            +---------+---------+-------+---------+---------+-------
      Total |      83 |       8 |   8.8 |      33 |       6 |  15.4
            +---------+---------+-------+---------+---------+-------
        D:1 |      37 |       8 |  17.8 |      14 |       6 |  30.0
        D:2 |      31 |       0 |   0.0 |      11 |       0 |   0.0
        D:3 |      15 |       0 |   0.0 |       8 |       0 |   0.0
            +---------+---------+-------+---------+---------+-------
